 Dungeon Crawl Stone Soup version 0.24-a0-335-g06ca16af6c (webtiles) character file.

Game seed: 8927623543460704073

17474 MachJacob the Destroyer (level 12, -1/91 HPs)
             Began as a Grey Draconian Air Elementalist on May 20, 2019.
             Was a High Priest of Sif Muna.
             Killed from afar by a rime drake (18 damage)
             ... with a flash freeze
             ... on level 3 of the Lair of Beasts.
             The game lasted 01:02:47 (21984 turns).

MachJacob the Destroyer (DrAE)                     Turns: 21984, Time: 01:02:47

Health: -1/91      AC: 15    Str: 10    XL:     12   Next: 19%
Magic:  3/22       EV: 15    Int: 22    God:    Sif Muna [*****.]
Gold:   550        SH:  8    Dex: 11    Spells: 2/25 levels left

rFire    . . .     SeeInvis .   b - staff of energy
rCold    . . .     Gourm    .   K - +0 buckler
rNeg     . . .     Faith    .   (armour unavailable)
rPois    .         Spirit   .   (helmet restricted)
rElec    .         Reflect  +   (no cloak)
rCorr    +         Harm     .   r - +1 pair of gloves
MR       .....                  (no boots)
Stlth    ++........             q - +4 amulet of reflection
HPRegen  0.25/turn              y - ring of wizardry
MPRegen  0.18/turn              G - ring of resist corrosion

@: lethally poisoned (-1 -> -4), divine energy
A: walk through water, unfitting armour, unbreathing, cold-blooded, AC +13
a: Stop Divine Energy, Channel Magic, Forget Spell, Renounce Religion


You were on level 3 of the Lair of Beasts.
You worshipped Sif Muna.
Sif Muna was extremely pleased with you.
You were hungry.

You visited 3 branches of the dungeon, and saw 15 of its levels.

You collected 550 gold pieces.

Inventory:

Hand Weapons
 a - a +3 quick blade
Missiles
 O - 2 curare-tipped darts (quivered) {!f}
Armour
 r - a +1 pair of gloves (worn)
 K - a +0 buckler (worn)
Magical Staves
 b - an uncursed staff of energy (weapon)
 u - an uncursed staff of conjuration
Jewellery
 e - an uncursed amulet of faith {unknown}
 n - the amulet "Ozutt" {Harm *Drain rPois rC+ Str-2 Dex+8}
   (You took it off a centaur warrior on level 11 of the Dungeon)

   [amulet of harm]

   It increases damage dealt and taken.
   It affects your strength (-2).
   It affects your dexterity (+8).
   It protects you from cold.
   It protects you from poison.
   It causes draining when unequipped.
 q - a +4 amulet of reflection (around neck)
 y - a ring of wizardry (left hand)
 B - an uncursed ring of flight
 C - an uncursed ring of fire
 G - a ring of resist corrosion (right hand)
Wands
 f - a wand of polymorph (15)
 s - a wand of flame (22)
 w - a wand of disintegration (17)
 D - a wand of enslavement (17)
 E - a wand of paralysis (18)
 J - a wand of acid (11)
Scrolls
 d - 2 scrolls of fear
 g - 2 scrolls of teleportation
 j - 2 scrolls of enchant weapon
 l - 4 scrolls of remove curse
 t - 3 scrolls of enchant armour
 v - 4 scrolls of magic mapping
 x - 2 scrolls of blinking
 F - 3 scrolls of identify
 H - a scroll of amnesia
 L - a scroll of immolation
 N - a scroll of noise {unknown}
Potions
 c - 2 potions of heal wounds
 h - 6 potions of curing
 i - 2 potions of resistance {unknown}
 k - a potion of magic {unknown}
 m - a potion of flight
 o - 2 potions of cancellation {unknown}
 p - a potion of ambrosia {unknown}
 z - a potion of mutation
 A - a potion of agility {unknown}
 M - a potion of invisibility {unknown}
Comestibles
 I - 34 rations


   Skills:
 + Level 4.1 Fighting
 + Level 7.2 Dodging
 - Level 1.7 Stealth
 + Level 2.9 Shields
 + Level 7.3 Spellcasting
 - Level 10.0 Conjurations
 - Level 3.0 Charms
 + Level 1.4 Summonings
 + Level 2.8 Translocations
 * Level 9.5 Air Magic
 + Level 5.3 Invocations


You had 2 spell levels left.
You knew the following spells:

 Your Spells              Type           Power        Failure   Level  Hunger
a - Shock                 Conj/Air       ####         1%          1    None
b - Swiftness             Chrm/Air       #####...     1%          2    None
c - Static Discharge      Conj/Air       ######..     1%          3    None
d - Summon Lightning Spi  Summ/Air       ####....     4%          4    None
e - Deflect Missiles      Chrm/Air       #####.....   38%         6    None
q - Blink                 Tloc           N/A          1%          2    None
z - Lightning Bolt        Conj/Air       ######....   1%          5    None

Your spell library contained the following spells:

 Spells                   Type           Power        Failure   Level  Hunger
 Apportation              Tloc           ###...       1%          1    None
 Magic Dart               Conj           ####         1%          1    None
 Sting                    Conj/Pois      ####         1%          1    None
 Summon Small Mammal      Summ           ##..         1%          1    None
 Poisonous Vapours        Pois/Air       ####..       1%          2    None
 Call Imp                 Summ           ##......     3%          2    None
 Animate Skeleton         Necr           N/A          4%          1    None
 Confusing Touch          Hex            #.....       4%          1    None
 Corona                   Hex            #......      4%          1    None
 Ensorcelled Hibernation  Hex/Ice        #.....       6%          2    None
 Slow                     Hex            #.......     6%          2    None
 Conjure Flame            Conj/Fire      ####....     1%          3    None
 Mephitic Cloud           Conj/Pois/Air  #####...     1%          3    None
 Airstrike                Air            ######....   1%          4    None
 Fulminant Prism          Conj/Hex       ####......   4%          4    None
 Conjure Ball Lightning   Conj/Air       ######....   11%         6    None
 Venom Bolt               Conj/Pois      ####......   13%         5    None
 Silence                  Hex/Air        ####......   14%         5    None
 Olgreb's Toxic Radiance  Pois           #.......     34%         4    None
 Invisibility             Hex            #.......     99%         6    None
 Tornado                  Air            ######....   100%        9    None


Dungeon Overview and Level Annotations

Branches:
Dungeon (11/15)            Temple (1/1) D:4            Lair (3/6) D:8
  Swamp: Lair:2-4    Shoals: Lair:2-4     Snake: Lair:2-4    Spider: Lair:2-4
    Orc: D:9-12

Altars:
Ashenzari
Cheibriados
Dithmenos
Elyvilon
Fedhas
Gozag
Hepliaklqana
Kikubaaqudgha
Makhleb
Nemelex Xobeh
Okawaru
Qazlal
Ru
Sif Muna
Trog
Uskayaw
Vehumet
Wu Jian
Xom
Yredelemnul
Zin
The Shining One

Annotations:
D:4 Edmund
D:5 Sigmund
D:10 exclusion: gargoyle
D:11 exclusions: 2 doors and 1 more exclusion, Fannar


Innate Abilities, Weirdness & Mutations

You can walk through water.
Your dull iron-grey scales are very hard. (AC +13)
You cannot fit into any form of body armour.
You can survive without breathing.
You are cold-blooded and may be slowed by cold attacks.


Message History

A komodo dragon comes into view.
Found a spear.
You see here a spear.
You feel sick.
You feel sick.
You see here a spear.
You feel sick.
You feel sick.
You feel sick.
You feel sick.
A rime drake comes into view.
You feel sick.
You feel sick. The rime drake breathes ice at you. The flash freeze misses you.
You feel sick.
You feel sick. The rime drake breathes ice at you. The flash freeze hits you!!
You die...

#....##.######.#.###..##P#.#.##
...............................
............[...§...........###
................###...###...###
.P#..#.###.....####..# #...##.
##.#..##....##..#+#.###..##. .
#.....##......... ..#...... ..
#............##.. .###..##.
...##....#'##..@## .# #####.
........#....%...#### ####...#..
...#....'.8.....#l..###.)..<.##.
.. ###..##.....k...#.........#.#
....###†.#...#.#...#.....#.#.#..
........†##....k.......##.......
...........#....8....#.# .......
...........##........... .....#.
..............8...8..........###


You could see a komodo dragon and a rime drake.

Vanquished Creatures
  2 hydras
  A centaur warrior (D:11)
  A two-headed ogre (D:9)
  A wolf spider (D:11)
  2 centaur zombies (D:11)
  2 black mambas (Lair:1)
  3 spiny frogs
  A kobold demonologist (D:11)
  2 komodo dragons
  A rime drake (Lair:2)
  A queen bee (Lair:1)
  A troll (D:8)
  3 blink frogs (Lair:3)
  4 hippogriffs
  5 yaks (D:11)
  2 basilisks (Lair:1)
  A wyvern (Lair:3)
  A hungry ghost (D:10)
  A soldier ant (D:10)
  Duvessa (D:4)
  4 water moccasins
  4 porcupines
  A black bear (D:9)
  6 orc warriors
  4 sky beasts
  A phantom (D:4)
  3 ice beasts
  5 ogres
  A necrophage (D:6)
  2 wolves (D:8)
  A boggart (D:10)
  2 centaurs
  A crocodile (Lair:1)
  A big kobold (D:9)
  7 bullfrogs
  A wyvern zombie (D:7)
  A gnoll sergeant (D:10)
  A wyvern skeleton (D:8)
  Dowan (D:4)
  2 scorpions
  27 killer bees
  3 electric eels (D:8)
  2 howler monkeys
  12 wights
  2 crimson imps
  4 bullfrog zombies
  A quasit (D:8)
  3 jellies
  15 hounds
  10 orc wizards
  2 bullfrog skeletons
  2 centaur skeletons
  12 orc priests
  2 iguanas
  7 worker ants
  A hound zombie (D:7)
  A hound skeleton (D:10)
  2 howler monkey zombies
  2 worker ant zombies (D:7)
  Robin (D:4)
  9 gnolls
  2 howler monkey skeletons
  13 adders
  A shadow imp (D:10)
  7 white imps (Lair:3)
  An ooze (D:2)
  An adder skeleton (D:6)
  4 worms
  A dart slug (D:1)
  3 leopard geckos
  30 orcs
  7 bats
  7 giant cockroaches
  15 goblins
  6 hobgoblins
  21 jackals
  13 kobolds
  5 quokkas
  4 frilled lizards
  A jackal skeleton (D:6)
  A leopard gecko skeleton (D:8)
  4 rats
  A plant (Lair:3)
353 creatures vanquished.

Vanquished Creatures (others)
  A fungus (Lair:1)
  A plant (Lair:1)
2 creatures vanquished.

Grand Total: 355 creatures vanquished

Notes
Turn   | Place    | Note
-------+----------+-------------------------------------------
     0 | D:1      | MachJacob the Draconian Air Elementalist began the quest
                  | for the Orb.
     0 | D:1      | Reached XP level 1. HP: 14/14 MP: 3/3
   314 | D:1      | Reached XP level 2. HP: 20/20 MP: 3/5
  1172 | D:2      | Reached XP level 3. HP: 17/26 MP: 0/6
  1286 | D:2      | Learned a level 2 spell: Swiftness
  1290 | D:2      | Learned a level 3 spell: Static Discharge
  1366 | D:2      | Reached skill level 2 in Conjurations
  2257 | D:3      | Reached XP level 4. HP: 33/33 MP: 1/7
  3358 | D:3      | Reached XP level 5. HP: 38/38 MP: 1/9
  3446 | D:3      | Reached skill level 3 in Conjurations
  3989 | D:4      | Noticed Edmund
  4101 | D:4      | Noticed a phantom
  4127 | D:4      | Noticed Robin
  4135 | D:4      | Killed Robin
  4144 | D:3      | Reached XP level 6. HP: 37/45 MP: 1/10
  4387 | D:4      | Noticed Duvessa
  4387 | D:4      | Noticed Dowan
  4663 | D:4      | Found a bloodstained altar of Trog.
  4699 | D:4      | Found a staircase to the Ecumenical Temple.
  4710 | Temple   | Entered the Ecumenical Temple
  4761 | Temple   | Became a worshipper of Sif Muna the Loreminder
  5355 | D:4      | Killed Dowan
  5355 | D:4      | Reached skill level 5 in Air Magic
  5356 | D:4      | Killed Duvessa
  5356 | D:4      | Reached skill level 4 in Conjurations
  5356 | D:4      | Your scales start taking on a dull iron-grey colour.
  5356 | D:4      | Reached XP level 7. HP: 43/50 MP: 0/12
  5356 | D:4      | Gained mutation: You can survive without breathing. [Grey
                  | Draconian growth]
  6222 | D:5      | Entered Level 5 of the Dungeon
  6284 | D:5      | Reached * piety under Sif Muna
  6609 | D:5      | Found a shimmering altar of Xom.
  6610 | D:5      | Found a burning altar of Makhleb.
  6694 | D:5      | Reached skill level 5 in Conjurations
  6706 | D:5      | Reached skill level 5 in Air Magic
  6830 | D:5      | Reached XP level 8. HP: 52/57 MP: 1/13
  6945 | D:5      | Noticed Sigmund
  7778 | D:6      | Reached ** piety under Sif Muna
  7793 | D:6      | Reached skill level 6 in Conjurations
  7793 | D:6      | Reached skill level 1 in Charms
  8874 | D:7      | Reached XP level 9. HP: 57/62 MP: 1/16
  9835 | D:7      | Reached skill level 7 in Conjurations
  9917 | D:7      | Reached *** piety under Sif Muna
  9935 | D:7      | Reached skill level 5 in Spellcasting
 10189 | D:7      | Reached skill level 5 in Dodging
 10828 | D:8      | Identified a scroll of acquirement
 10853 | D:8      | Noticed a troll
 10977 | D:8      | Killed a troll
 11460 | D:8      | Reached skill level 8 in Conjurations
 11781 | D:8      | Found a staircase to the Lair.
 11800 | D:8      | Found a sparkling altar of Nemelex Xobeh.
 11801 | D:8      | Found a hide-covered altar of Uskayaw.
 11802 | D:8      | Found a white marble altar of Elyvilon.
 12073 | D:9      | Reached XP level 10. HP: 43/69 MP: 0/18
 12149 | D:9      | Reached **** piety under Sif Muna
 12262 | D:9      | Learned a level 5 spell: Lightning Bolt
 12716 | D:9      | Reached skill level 1 in Invocations
 12886 | D:9      | Noticed a two-headed ogre
 14158 | D:9      | Found a stormy altar of Qazlal.
 14267 | D:9      | Killed a two-headed ogre
 14475 | D:10     | Entered Level 10 of the Dungeon
 14497 | D:9      | Reached ***** piety under Sif Muna
 14810 | D:10     | Noticed a gargoyle
 15160 | D:10     | Reached skill level 9 in Conjurations
 15432 | D:10     | Identified Sif Muna's Incunabulum of Beguiling (Sif Muna
                  | gifted it to you on level 10 of the Dungeon)
 15432 | D:10     | Received a gift from Sif Muna
 16133 | D:11     | Found an iron altar of Okawaru.
 16396 | D:11     | Reached skill level 1 in Fighting
 16563 | D:11     | Reached XP level 11. HP: 77/77 MP: 10/20
 16880 | D:11     | Noticed a wolf spider
 16935 | D:11     | Killed a wolf spider
 16959 | D:11     | Identified the amulet "Ozutt" {Harm *Drain rPois rC+ Str-2
                  | Dex+8}
 16959 | D:11     | Noticed a centaur warrior
 17188 | D:11     | Killed a centaur warrior
 17358 | D:11     | Found a hazy altar of Hepliaklqana.
 17359 | D:11     | Noticed Fannar
 17387 | D:11     | Identified the amulet "Urchelag" {Reflect rElec SH+2}
 17387 | D:11     | Noticed a tengu warrior
 17391 | D:11     | Noticed a catoblepas
 17417 | D:11     | Noticed a red ugly thing
 17522 | Lair:1   | Entered Level 1 of the Lair of Beasts
 17567 | Lair:1   | Reached skill level 10 in Conjurations
 17690 | Lair:1   | Learned a level 2 spell: Blink
 17782 | Lair:1   | Reached skill level 1 in Shields
 18022 | Lair:1   | Reached skill level 1 in Translocations
 20345 | Lair:2   | Learned a level 4 spell: Summon Lightning Spire
 20352 | Lair:2   | Learned a level 6 spell: Deflect Missiles
 20615 | Lair:2   | Noticed a seven-headed hydra
 20644 | Lair:2   | Killed a seven-headed hydra
 20644 | Lair:2   | Reached skill level 5 in Invocations
 20644 | Lair:2   | Reached XP level 12. HP: 53/91 MP: 0/22
 21190 | Lair:3   | Noticed an eight-headed hydra
 21193 | Lair:3   | Killed an eight-headed hydra
 21193 | Lair:3   | Received a gift from Sif Muna
 21193 | Lair:3   | Reached skill level 1 in Summonings
 21948 | Lair:3   | Found a frozen archway.
 21984 | Lair:3   | Killed from afar by a rime drake

Levels and vault maps discovered:
D:1:      minmay_arrival_jagged, layout_basic, minmay_misc_feat_more_columns,
          hex_large
D:2:      layout_rooms
D:3:      layout_basic, first_ration
D:4:      layout_rooms, old_standard_altar, minmay_temple_entry_junction_2,
          uniq_robin, uniq_edmund, uniq_duvessa
D:5:      layout_gridville, grunt_temple_overflow_champion_of_chaos,
          serial_shops, shop, nicolae_shop_stone, uniq_ijyb, uniq_sigmund,
          uniq_blork_the_orc
D:6:      layout_gridville, hangedman_decor_points
D:7:      layout_basic, grunt_ministairs_3
D:8:      layout_basic, chequers_temple_overflow_statue_of_worship,
          erik_lair_island
D:9:      layout_rooms, grunt_qazlal_sundering
D:10:     layout_long_grid, enter_bailey_7
D:11:     minmay_the_grid_triangle_9x9_recursive_2_mashed
          [minmay_the_grid_triangle_9x9_prize_special,
          minmay_the_grid_triangle_9x9_steps,
          minmay_the_grid_triangle_9x9_impossible_snake,
          minmay_the_grid_triangle_9x9_zippers_horizontal], layout_rooms,
          blue_anna_alchemist [blue_anna_fruit_fields, blue_anna_fruit_fields],
          hangedman_feature_mirror, grunt_ministairs_14, uniq_fannar
Temple:   minmay_freezing_vapour_temple
Lair:1:   layout_roguey, special_room [special_room_bee],
          chequers_serial_rivers_micro_a, chequers_serial_rivers_micro_c,
          lemuel_fruit_fields
Lair:2:   layout_cave_pods, serial_bayou_shore_a
Lair:3:   layout_regular_city, portal_ice_cave_entry_imps, bh_chokoban,
          st_stairs_3, grunt_megastairs_4

Skill      XL: |  1  2  3  4  5  6  7  8  9 10 11 12 |
---------------+-------------------------------------+-----
Dodging        | 2 3 4 5 6 7 |  7.2
Conjurations   | 2 3 4 5 6 8 9 10 | 10.0
Air Magic      | 4 4 5 6 7 8 9 |  9.5
Spellcasting   | 3 4 5 6 7 |  7.3
Charms         | 1 3 |  3.0
Invocations    | 3 5 |  5.3
Fighting       | 1 3 4 |  4.1
Shields        | 2 |  2.9
Translocations | 2 |  2.8
Summonings     | 1 |  1.4
Stealth        | |  1.7

Action                   |  1- 3 |  4- 6 |  7- 9 | 10-12 || total
-------------------------+-------+-------+-------+-------++-------
Melee: Dagger            |    23 |    42 |    41 |       ||   106
       Tailslap          |     3 |     3 |     5 |    20 ||    31
       Quick blade       |       |       |     1 |   204 ||   205
       Staff             |       |       |       |     3 ||     3
 Cast: Shock             |    98 |   143 |   314 |   296 ||   851
       Static Discharge  |       |     9 |    63 |   138 ||   210
       Swiftness         |       |       |     2 |     4 ||     6
       Lightning Bolt    |       |       |       |    30 ||    30
       Blink             |       |       |       |     1 ||     1
Invok: Divine Energy     |       |       |     1 |       ||     1
Evoke: Wand              |       |       |     6 |       ||     6
       Staff of energy   |       |       |       |     1 ||     1
  Use: Scroll            |     3 |     6 |     4 |     2 ||    15
  Eat: Chunk             |     5 |     7 |    24 |    14 ||    50
       Ration            |       |     1 |       |     7 ||     8
Armor: Skin              |     9 |    28 |    49 |   154 ||   240
Dodge: Dodged            |    38 |    58 |    82 |   221 ||   399
Block: Other             |     1 |    20 |    26 |    32 ||    79
       Reflection        |       |     1 |     1 |     2 ||     4
       Buckler           |       |       |       |    54 ||    54

Table legend:
 A = Non-vault XP
 B = Vault XP
 C = Vault XP percentage of total XP
 D = Non-vault monster count
 E = Vault monster count
 F = Vault count percentage of total count
                 A         B        C        D         E       F
            +---------+---------+-------+---------+---------+-------
      Total |   18823 |    6140 |  24.6 |     274 |      78 |  22.2
            +---------+---------+-------+---------+---------+-------
        D:1 |      27 |       0 |   0.0 |      16 |       0 |   0.0
        D:2 |      74 |       0 |   0.0 |      30 |       0 |   0.0
        D:3 |     257 |       6 |   2.3 |      21 |       3 |  12.5
        D:4 |     363 |     253 |  41.1 |      19 |      11 |  36.7
        D:5 |     450 |      48 |   9.6 |      10 |       1 |   9.1
        D:6 |     899 |       0 |   0.0 |      28 |       0 |   0.0
        D:7 |    1482 |     310 |  17.3 |      34 |       6 |  15.0
        D:8 |     527 |     727 |  58.0 |       8 |       8 |  50.0
        D:9 |    2899 |       0 |   0.0 |      36 |       0 |   0.0
       D:10 |    1428 |     156 |   9.8 |      29 |       5 |  14.7
       D:11 |    3215 |    1795 |  35.8 |      18 |       8 |  30.8
     Lair:1 |    3217 |    1669 |  34.2 |      13 |      23 |  63.9
     Lair:2 |    2618 |      59 |   2.2 |       8 |       1 |  11.1
     Lair:3 |    1367 |    1117 |  45.0 |       4 |      12 |  75.0
            +---------+---------+-------+---------+---------+-------
